 Dungeon Crawl Stone Soup version 0.28-a0-1524-ge72afd5fc6 (webtiles) character file.

Game seed: 9604435480739765849

816 horus123 the Covert (level 7, -4/36 HPs)
             Began as a Felid Berserker on Jan 18, 2022.
             Was a Priest of Trog.
             Slain by a water moccasin (8 damage)
             ... on level 5 of the Dungeon.
             The game lasted 00:11:53 (5037 turns).

horus123 the Covert (Felid Berserker)               Turns: 5037, Time: 00:11:54

Health: -4/36      AC:  2    Str: 15    XL:     7   Next: 62%
Magic:  8/8        EV: 18    Int:  8    God:    Trog [***...]
Gold:   94         SH:  0    Dex: 16    Spells: 6/6 levels left
                                        Lives:  0   Deaths: 2

rFire   . . .      SeeInvis +     - Unarmed
rCold   . . .      Faith    .   (shield unavailable)
rNeg    . . .      Spirit   .   (armour unavailable)
rPois   .          Reflect  .   (helmet unavailable)
rElec   .          Harm     .   (cloak unavailable)
rCorr   .          Rampage  .   (gloves unavailable)
Will    +++..                   (boots unavailable)
Stlth   ++++......              (no amulet)
HPRegen 1.12/turn               (no ring)
MPRegen 0.11/turn               (no ring)

@: strong-willed, regenerating, quick
A: very small, claws 1, fangs 3, see invisible, speed 1, shaggy fur 2, stealthy
paws, no weapons or thrown items, no armour, multi-lived
a: Renounce Religion, Berserk, Trog's Hand


You were on level 5 of the Dungeon.
You worshipped Trog.
Trog was most pleased with you.
You visited 1 branch of the dungeon, and saw 5 of its levels.
You also visited: Ossuary.

You collected 94 gold pieces.

Inventory:

Wands
 h - a wand of iceblast (12)
Scrolls
 a - 2 scrolls of blinking
 b - a scroll of torment {unknown}
 d - 2 scrolls of magic mapping
 g - a scroll of enchant armour {unknown}
 l - a scroll of holy word
 m - 3 scrolls of fear
Potions
 c - 2 potions of brilliance
 e - 3 potions of flight
 f - a potion of magic {unknown}
 j - a potion of resistance {unknown}
 k - 3 potions of curing
 n - 2 potions of cancellation {unknown}


   Skills:
 + Level 7.5 Fighting
 - Level 4.0 Dodging
 - Level 8.5 Stealth
 - Level 5.0 Unarmed Combat


You had 6 spell levels left.
You didn't know any spells.
Your spell library was empty.

Dungeon Overview and Level Annotations

Branches:
Dungeon (5/15)            Ossuary (visited)
 Temple: D:4-7

Altars:
Dithmenos


Innate Abilities, Weirdness & Mutations

You have sharp claws.
You have razor-sharp teeth.
You have supernaturally acute eyesight. (SInv)
You cover ground quickly. (Speed+)
You are covered in thick fur. (AC +2)
Your paws help you pounce on unaware monsters.
You are incapable of wielding weapons or throwing items.
You cannot wear armour.
You gain extra lives every three experience levels.


Message History

You scratch the hound zombie. You claw the hound zombie.
The hound zombie is severely damaged.
The hound zombie completely misses you.
You scratch the hound zombie.
The hound zombie is almost destroyed.
The hound zombie closely misses you.
You claw the hound zombie!
You destroy the hound zombie!
Trog accepts your kill.
No target in view!
HP restored.
An ogre comes into view. It is wielding a +0 giant club.
A water moccasin comes into view.
The ogre shouts!
The water moccasin hisses angrily.
The ogre misses you.
You claw the ogre!
The ogre is moderately wounded.
The ogre closely misses you.
You barely miss the ogre.
The ogre is moderately wounded.
The ogre barely misses you.
You scratch the ogre.
The ogre is heavily wounded.
The water moccasin closely misses you.
You scratch the ogre.
The ogre is severely wounded.
The water moccasin misses you. The ogre closely misses you.
You scratch the ogre.
The ogre is almost dead.
The water moccasin closely misses you.
The ogre hits you with a +0 giant club!!
Ouch! That really hurt!
* * * LOW HITPOINT WARNING * * *
You are too injured to fight recklessly!
Your skin crawls.
You feel strong-willed. The water moccasin bites you.
* * * LOW HITPOINT WARNING * * *
The water moccasin bites you!
You die...

##..............##
#..#............#
#.####.........###
### ##...<......#
###.........
##........
####.......#
####.......####
#.S@...#####
#....O.####
#....#### ####


You could see a water moccasin and an ogre.

Vanquished Creatures
  9 scorpions (Ossuary)
  5 wights (D:4)
  3 centaur zombies (Ossuary)
  2 human zombies (Ossuary)
  2 orc priests (D:3)
  A centaur skeleton (D:4)
  An iguana (D:4)
  2 scorpion zombies (Ossuary)
  An orc wizard (D:3)
  A hound zombie (D:5)
  3 mummies (Ossuary)
  6 adders
  2 worms (D:2)
  2 dart slugs (D:2)
  3 orcs
  2 endoplasms
  3 giant cockroaches
  3 gnoll zombies (Ossuary)
  7 goblins
  5 hobgoblins
  6 kobolds
  4 quokkas
  5 ball pythons
  9 bats
  7 frilled lizards
  4 goblin zombies (Ossuary)
  2 hobgoblin zombies (Ossuary)
  4 kobold zombies (Ossuary)
  2 rats
106 creatures vanquished.

Notes
Turn   | Place    | Note
-------+----------+-------------------------------------------
     0 | D:1      | horus123 the Felid Berserker began the quest for the Orb.
     0 | D:1      | Reached XP level 1. HP: 10/10 MP: 2/2
   421 | D:1      | Reached XP level 2. HP: 14/14 MP: 3/3
   927 | D:2      | Found a faded altar of an unknown god.
   951 | D:2      | Reached XP level 3. HP: 13/18 MP: 4/4
   955 | D:2      | Reached ** piety under Trog
  1699 | D:3      | Reached XP level 4. HP: 18/22 MP: 5/5
  1844 | D:3      | Reached skill level 5 in Fighting
  1917 | D:3      | Found a shadowy altar of Dithmenos.
  1992 | D:3      | Reached XP level 5. HP: 26/27 MP: 6/6
  2464 | D:4      | Slain by a wight
  2465 | D:4      | Reached XP level 4. HP: -2/33 MP: 5/5
  2478 | D:4      | Reached XP level 5. HP: 28/28 MP: 6/6
  2632 | D:4      | Found a sand-covered staircase.
  2652 | Ossuary  | Entered an ossuary
  2719 | Ossuary  | Reached skill level 1 in Stealth
  2719 | Ossuary  | Gained mutation: You are covered in thick fur. (AC +2)
                  | [Felid growth]
  2719 | Ossuary  | Reached XP level 6. HP: 33/33 MP: 7/7
  2728 | Ossuary  | Reached skill level 2 in Stealth
  2813 | Ossuary  | Reached skill level 3 in Stealth
  2964 | Ossuary  | Reached skill level 4 in Stealth
  3033 | Ossuary  | Reached skill level 5 in Stealth
  3197 | Ossuary  | Reached skill level 6 in Stealth
  3197 | Ossuary  | Reached XP level 7. HP: 36/36 MP: 8/8
  3203 | Ossuary  | Reached skill level 7 in Stealth
  3212 | Ossuary  | HP: 2/54 [scorpion zombie (2)]
  3216 | Ossuary  | Succumbed to a scorpion's poison
  3217 | Ossuary  | Reached XP level 6. HP: -1/33 MP: 7/7
  3265 | Ossuary  | Reached skill level 8 in Stealth
  3561 | Ossuary  | Reached XP level 7. HP: 36/36 MP: 8/8
  3562 | Ossuary  | Reached *** piety under Trog
  4617 | D:4      | Reached skill level 5 in Unarmed Combat
  4958 | D:5      | Entered Level 5 of the Dungeon
  5037 | D:5      | Slain by a water moccasin

Illustrated notes

Levels and vault maps discovered:
D:1:      mainiacjoe_arrival_reflecting_pool, layout_basic, serial_curves,
          eino_curves_01, eino_curves_03
D:2:      layout_basic, shapermc_ecumenical_altar_starsandcircs
D:3:      layout_basic, nicolae_dithmenos_through_a_glass_darkly,
          chequers_serial_rivers_small_3, kennysheep_boxes
D:4:      layout_loops_ring, enter_ossuary_1, serial_bayou_pond_d
D:5:      layout_cave_pods, gammafunk_ghost_split, serial_shops,
          nicolae_shop_stone

Skill      XL: |  1  2  3  4  5  6  7 |
---------------+----------------------+-----
Fighting       | 4 5 7 |  7.5
Stealth        | 1 8 7 |  8.5
Unarmed Combat | 5 |  5.0
Dodging        | |  4.0

Action                   |  1- 3 |  4- 6 |  7- 9 || total
-------------------------+-------+-------+-------++-------
Melee: Unarmed           |   108 |   146 |    85 ||   339
       Bite              |    10 |    21 |    10 ||    41
       Punch             |     1 |     2 |     2 ||     5
Invok: Berserk           |     1 |    11 |       ||    12
       Trog's Hand       |       |       |     1 ||     1
  Use: Scroll            |     1 |       |     9 ||    10
 Stab: Sleeping          |     4 |     1 |     4 ||     9
Armor: Skin              |     9 |    11 |     7 ||    27
Dodge: Dodged            |   105 |    90 |    70 ||   265

Table legend: (Time is in decaauts)
 A = Elapsed time spent in this place.
 B = Non-inter-level travel time spent in this place.
 C = Inter-level travel time spent in this place.
 D = Time resting spent in this place.
 E = Time spent auto-exploring this place.
 F = Levels seen in this place.
 G = Mean time per level.
                   A        B        C        D        E       F      G
               +--------+--------+--------+--------+--------+-----+--------+
         Total |   4660 |   4585 |     75 |   1905 |   1849 |   6 |  776.7 |
       Dungeon |   3268 |   3193 |     75 |   1111 |   1589 |   5 |  653.6 |
       Ossuary |   1392 |   1392 |      0 |    794 |    259 |   1 | 1392.0 |
               +--------+--------+--------+--------+--------+-----+--------+

Top non-repeatable levels by time:
 Ossuary: 1392 daAuts
     D:4: 1006 daAuts
     D:2: 779 daAuts
     D:1: 722 daAuts
     D:3: 687 daAuts
     D:5: 72 daAuts
